 Dungeon Crawl Stone Soup version 0.19.1 (webtiles) character file.

891 juanjsm the Sneak (level 7, -6/35 HPs)
             Began as a Spriggan Enchanter on Dec 26, 2016.
             Killed by divine providence
             ... invoked by an orc priest
              (11 damage)
             ... on level 5 of the Dungeon.
             The game lasted 00:20:08 (4476 turns).

juanjsm the Sneak (Spriggan Enchanter)              Turns: 4476, Time: 00:20:09

Health: -6/35      AC:  3    Str:  4    XL:     7   Next: 77%
Magic:  2/16       EV: 21    Int: 17    God:
Gold:   372        SH:  0    Dex: 18    Spells: 4 memorised, 8 levels left

rFire  . . .     SeeInvis +     a - +1 dagger
rCold  . . .     Gourm    .     b - +1 robe
rNeg   . . .     Faith    .     (shield restricted)
rPois  .         Spirit   .     (helmet restricted)
rElec  .         Reflect  .     (no cloak)
rCorr  .         Harm     .     (gloves unavailable)
MR     ++...                    (boots unavailable)
Stlth  +++++.....               (no amulet)
                                q - ring of stealth
                                k - ring of protection from magic

@: very slightly contaminated, very quick
A: unfitting armour, see invisible, herbivore 3, speed 3, slow metabolism 2
a: no special abilities


You were on level 5 of the Dungeon.
You were not hungry.

You visited 1 branch of the dungeon, and saw 5 of its levels.

You collected 372 gold pieces.

Inventory:

Hand Weapons
 a - a +1 dagger (weapon)
 v - the +8 flail of Darch {holy, rC+, unknown}
   (You found it on level 4 of the Dungeon)

   It has been blessed by the Shining One to cause great damage to the undead
   and demons.
   It protects you from cold.
Armour
 b - a +1 robe (worn)
 r - a +0 buckler
Jewellery
 k - a ring of protection from magic (left hand)
 q - a ring of stealth (right hand)
Wands
 x - a wand of acid (7/15)
Scrolls
 j - 2 scrolls of random uselessness {unknown}
 l - 2 scrolls of identify
 m - a scroll of fog {unknown}
 p - 2 scrolls of teleportation {unknown}
 t - a scroll of remove curse {unknown}
 w - 2 scrolls of noise {unknown}
Potions
 e - 2 potions of lignification
 f - 2 potions of curing
 g - a potion of magic
 h - a potion of berserk rage
 i - a potion of flight {unknown}
 n - a potion of agility {unknown}
 o - a potion of heal wounds {unknown}
Books
 c - a book of Maledictions

   Spells                             Type                      Level
   a - Corona                         Hexes                        1
   b - Ensorcelled Hibernation        Hexes/Ice                    2
   c - Confuse                        Hexes                        3
   d - Tukima's Dance                 Hexes                        3
   e - Dazzling Spray                 Conjuration/Hexes            3
Comestibles
 d - 4 bread rations
 s - a slice of pizza
 u - 3 fruits


   Skills:
 + Level 2.5 Fighting
 + Level 3.5 Short Blades
 + Level 5.6 Dodging
 + Level 6.5 Stealth
 + Level 1.5 Shields
 * Level 5.7 Spellcasting
 + Level 5.2 Hexes


You had 8 spell levels left.
You knew the following spells:

 Your Spells              Type           Power        Failure   Level  Hunger
a - Corona                Hex            ###....      1%          1    None
b - Ensorcelled Hibernat  Hex/Ice        ##....       10%         2    #......
c - Confuse               Hex            ###.....     6%          3    ##.....
d - Dazzling Spray        Conj/Hex       ##....       14%         3    ##.....


Dungeon Overview and Level Annotations

Branches:
Dungeon (5/15)
 Temple: D:4-7

Altars:
Ru
Uskayaw
Yredelemnul
The Shining One

Shops:
D:4 %(:[


Innate Abilities, Weirdness & Mutations

You are very small and have problems with some larger weapons.
You are too small for most types of armour.
You have supernaturally acute eyesight. (SInv)
You are a herbivore.
You cover ground extremely quickly.
You need consume almost no food.


Message History

Aim: an orc priest, wielding a mace and wearing a ring mail (almost dead, chance to defeat MR: 44%)
The orc priest resists with some effort.
The orc closely misses you. The orc priest completely misses you.
You hit the orc priest but do no damage.
The orc priest is almost dead.
The orc hits you with a short sword!
You hit the orc priest but do no damage.
The orc priest is almost dead.
The orc priest completely misses you. The orc misses you.
You hit the orc priest but do no damage.
The orc priest is almost dead.
The orc priest calls down the wrath of Beogh upon you.
Beogh smites you!
* * * LOW HITPOINT WARNING * * *
The orc hits you with a short sword.
* * * LOW HITPOINT WARNING * * *
Unknown command.
The orc priest calls down the wrath of Beogh upon you.
Beogh smites you!
You die...

...#.............................
...#.....#####.########.#########
...#.....# #..#######.#
...#.....# #....... #.#
......##.# #....... #.#
......##.# #.......##.#
......##.#######..#####.#
......##.#..%.....## #.#
......##.#......@..# #.#
[................#.## #.#
..............)o.#..# #.#
...###.........)o##.# #.#
.................##.# #.#
#######..........##.###.#
#..........##..##.#
#....#.......#.##.#
#....#.......#.##.#


You could see an orc priest and an orc.

Vanquished Creatures
  The ghost of NNNN the Stinger, an amateur DEVM (D:4)
  A sky beast (D:5)
  An ogre (D:4)
  2 scorpions (D:4)
  A howler monkey (D:5)
  The ghost of thrall606 the Stinger, a weakling DsVM (D:3)
  2 hounds
  2 orc wizards
  An orc priest (D:4)
  An iguana (D:5)
  A worker ant (D:4)
  Robin (D:3)
  A gnoll (D:1)
  3 river rats (D:5)
  5 adders
  2 dart slugs
  4 leopard geckos
  6 orcs
  5 bats
  5 giant cockroaches
  14 goblins
  3 hobgoblins
  12 jackals
  6 kobolds
  A quokka (D:2)
  A quokka skeleton (D:4)
  29 rats
112 creatures vanquished.

Notes
Turn   | Place    | Note
-------+----------+-------------------------------------------
     0 | D:1      | juanjsm the Spriggan Enchanter began the quest for the Orb.
     0 | D:1      | Reached XP level 1. HP: 9/9 MP: 5/5
   362 | D:1      | Reached XP level 2. HP: 12/14 MP: 6/6
   366 | D:1      | Learned a level 2 spell: Ensorcelled Hibernation
   535 | D:1      | Reached skill level 1 in Fighting
   679 | D:1      | Reached XP level 3. HP: 18/18 MP: 5/8
   684 | D:1      | Learned a level 3 spell: Confuse
   933 | D:2      | Found a sacrificial altar of Ru.
   980 | D:2      | Found a glowing golden altar of the Shining One.
  1806 | D:3      | Noticed Robin
  1855 | D:3      | Found a hide-covered altar of Uskayaw.
  1856 | D:3      | Noticed a dagger
  1856 | D:3      | Noticed a dagger
  1866 | D:2      | Reached XP level 4. HP: 17/22 MP: 3/9
  1936 | D:3      | Found a basalt altar of Yredelemnul.
  2024 | D:3      | Noticed thrall606's ghost (weakling DsVM)
  2039 | D:3      | Killed thrall606's ghost
  2039 | D:3      | Reached XP level 5. HP: 25/25 MP: 1/11
  2088 | D:3      | Reached skill level 5 in Stealth
  2142 | D:3      | Learned a level 3 spell: Dazzling Spray
  2927 | D:3      | Killed Robin
  3070 | D:4      | Found Jaon's Book Emporium.
  3129 | D:4      | Reached XP level 6. HP: 30/30 MP: 4/13
  3203 | D:4      | Found Zottufo's Antique Weapon Shoppe.
  3288 | D:4      | Noticed NNNN's ghost (amateur DEVM)
  3338 | D:4      | Killed NNNN's ghost
  3338 | D:4      | Reached skill level 6 in Stealth
  3338 | D:4      | Reached skill level 1 in Shields
  3406 | D:4      | Reached skill level 5 in Dodging
  3429 | D:4      | Found Beggooh's Food Shoppe.
  3480 | D:4      | Found Ibomnear's Armour Boutique.
  3594 | D:4      | Got a brightly glowing flail
  3600 | D:4      | Reached XP level 7. HP: 23/35 MP: 5/15
  3709 | D:4      | Reached skill level 5 in Hexes
  3729 | D:4      | Reached skill level 5 in Spellcasting
  3842 | D:5      | Entered Level 5 of the Dungeon
  4476 | D:5      | Killed from afar by an orc priest

Skill      XL: |  1  2  3  4  5  6  7 |
---------------+----------------------+-----
Fighting       | 1 2 |  2.5
Short Blades   | 2 3 |  3.5
Hexes          | 4 5 |  5.2
Spellcasting   | 3 4 5 |  5.7
Dodging        | 4 5 |  5.6
Stealth        | 5 6 |  6.5
Shields        | 1 |  1.5

Action                   |  1- 3 |  4- 6 |  7- 9 || total
-------------------------+-------+-------+-------++-------
Melee: Dagger            |    78 |   120 |    99 ||   297
 Cast: Corona            |     1 |       |       ||     1
       Ensorcelled Hiber |    19 |    26 |    18 ||    63
       Confuse           |       |    11 |     1 ||    12
       Dazzling Spray    |       |     5 |     2 ||     7
  Use: Scroll            |       |     3 |       ||     3
       Potion            |       |     1 |       ||     1
 Stab: Sleeping          |    14 |    24 |    19 ||    57
       Confused          |       |     4 |     1 ||     5
       Invisible         |       |       |     1 ||     1
  Eat: Bread ration      |       |     1 |       ||     1
       Pizza             |       |     1 |       ||     1
Armor: Robe              |     8 |    20 |     6 ||    34
Dodge: Dodged            |    76 |   151 |    68 ||   295
